 Dungeon Crawl Stone Soup version 0.29.0-11-gd7f09526c8 (webtiles) character file.

Game seed: 2124753688941402945

81186 jt the Envoy of Void (level 15, 0/119 HPs)
             Began as a Vampire Abyssal Knight on Sept 3, 2022.
             Was a High Priest of Lugonu.
             Slain by a naga warrior
             ... wielding a +0 trident
              (41 damage)
             ... on level 1 of the Snake Pit.
             The game lasted 01:27:51 (20875 turns).

jt the Envoy of Void (Vampire Abyssal Knight)      Turns: 20875, Time: 01:27:52

Health: 0/119      AC: 15    Str: 28    XL:     15   Next: 26%
Magic:  14/26      EV:  5    Int: 13    God:    Lugonu [*****.]
Gold:   2182       SH: 30    Dex: 16    Spells: 14/14 levels left

rFire   . . .      SeeInvis +   a - +6 war axe (protect)
rCold   + . .      Faith    .   W - +18 shield of the Gong {rElec rN+ Will+ EV-5}
rNeg    + . .      Spirit   .   N - +1 scale mail {rC+}
rPois   .          Reflect  .   s - +0 helmet
rElec   +          Harm     .   l - +1 cloak
rCorr   .          Rampage  .   Q - +1 pair of gloves
Will    ++...                   T - +2 pair of boots "Ymneusk" {Str+4 Stlth+}
Stlth   +.........              m - amulet of regeneration
HPRegen 1.29/turn               V - +6 ring of strength
MPRegen 0.20/turn               (no ring)

@: about to teleport, healing quickly, slowed, very slow
A: alive, fangs 3, see invisible, vampiric 2
a: Exsanguinate, Renounce Religion, Depart the Abyss, Bend Space, Banish,
Corrupt, Enter the Abyss


You were on level 1 of the Snake Pit.
You worshipped Lugonu.
Lugonu was extremely pleased with you.
You visited 4 branches of the dungeon, and saw 21 of its levels.
You visited the Abyss 1 time.
You also visited: Ossuary.

You collected 2307 gold pieces.
You spent 125 gold pieces at shops.

Inventory:

Hand Weapons
 a - a +6 war axe of protection (weapon)
 b - a +1 demon whip of venom
 j - a +0 trident
 X - a +2 broad axe of distortion
Missiles
 G - 11 boomerangs (quivered)
 L - 27 poisoned darts
 S - 2 throwing nets
 Z - 8 javelins
Armour
 l - a +1 cloak (worn)
 r - +0 acid dragon scales
 s - a +0 helmet (worn)
 t - a +2 chain mail of poison resistance
 E - the +1 hat of Tulips {+Inv Will- Str+7}
   (You found it on level 10 of the Dungeon)

   Str:       It affects your strength (+7).
   +Inv:      It lets you turn invisible.
   Will:      It decreases your willpower.
 N - a +1 scale mail of cold resistance (worn)
 Q - a +1 pair of gloves (worn)
 T - the +2 pair of boots "Ymneusk" (worn) {Str+4 Stlth+}
   (You found it on level 7 of the Dungeon)

   Str:       It affects your strength (+4).
   Stlth:     It makes you more stealthy.
 W - the +18 shield of the Gong (worn) {rElec rN+ Will+ EV-5}
   (You found it on level 8 of the Dungeon)

   It is deafeningly noisy when blocking attacks.
   EV:        It affects your evasion (-5).
   rElec:     It insulates you from electricity.
   rN:        It protects you from negative energy.
   Will:      It increases your willpower.
Magical Staves
 C - a staff of death
Jewellery
 f - a +4 ring of protection
 m - an amulet of regeneration (around neck)
 n - a ring of positive energy
 p - the ring "Roprir Wyvae" {Fire +Blink rPois Str+2}
   (You found it on level 2 of the Lair of Beasts)

   [ring of fire]

   It enhances your fire magic.
   Str:       It affects your strength (+2).
   rF:        It protects you from fire.
   rC:        It makes you vulnerable to cold.
   rPois:     It protects you from poison.
   +Blink:    It lets you blink.
 B - a ring of poison resistance
 H - a ring of protection from cold
 V - a +6 ring of strength (left hand)
Wands
 d - a wand of polymorph (7)
 y - a wand of acid (11)
 M - a wand of paralysis (2)
 U - a wand of flame (13)
Scrolls
 c - 9 scrolls of teleportation
 e - 2 scrolls of fog
 g - a scroll of silence
 h - 5 scrolls of fear
 i - 2 scrolls of enchant weapon
 k - 2 scrolls of vulnerability
 o - a scroll of torment
 u - a scroll of identify
 A - 3 scrolls of poison
 O - 2 scrolls of blinking
 R - 4 scrolls of magic mapping
 Y - a scroll of immolation
Potions
 q - a potion of resistance
 v - 5 potions of mutation
 w - 4 potions of lignification
 x - 7 potions of heal wounds
 z - a potion of haste
 D - 4 potions of flight
 F - a potion of berserk rage
 I - 6 potions of ambrosia
 J - 6 potions of curing
 K - 3 potions of might
 P - 2 potions of cancellation


   Skills:
 + Level 11.2 Fighting
 + Level 13.1 Axes
 - Level 2.0 Throwing
 - Level 2.0 Armour
 - Level 2.1 Dodging
 + Level 10.0 Shields
 + Level 15.6 Invocations
 - Level 3.8 Evocations


You had 14 spell levels left.
You didn't know any spells.
Your spell library contained the following spells:

 Spells                   Type           Power      Damage    Failure   Level
 Shock                    Conj/Air       0%         1d3       83%         1
 Sting                    Tmut/Pois      0%         1d3       83%         1
 Ensorcelled Hibernation  Hex/Ice        0%         N/A       93%         2
 Passwall                 Tmut/Erth      0%         N/A       93%         2
 Poisonous Vapours        Pois/Air       0%         N/A       93%         2
 Static Discharge         Conj/Air       0%         3-3/arc   93%         2
 Confusing Touch          Hex            0%         N/A       99%         3
 Portal Projectile        Hex/Tloc       0%         N/A       99%         3
 Swiftness                Air            0%         N/A       99%         3
 Tukima's Dance           Hex            0%         N/A       99%         3
 Airstrike                Air            0%         2d(0-16)  100%        4
 Olgreb's Toxic Radiance  Pois           0%         N/A       100%        4
 Passage of Golubria      Tloc           0%         N/A       100%        4
 Summon Lightning Spire   Summ/Air       0%         N/A       100%        4
 Blade Hands              Tmut           0%         N/A       100%        5
 Lightning Bolt           Conj/Air       0%         1d11      100%        5
 Yara's Violent Unravell  Hex/Tmut       0%         3d3       100%        5
 Enfeeble                 Hex            0%         N/A       100%        7
 Malign Gateway           Summ/Tloc      0%         N/A       100%        7
 Storm Form               Tmut/Air       0%         N/A       100%        7
 Maxwell's Capacitive Co  Air            0%         ∞         100%        8
 Summon Horrible Things   Summ           0%         N/A       100%        8


Dungeon Overview and Level Annotations

Branches:
Dungeon (13/15)            Temple (0/1) D:4            Lair (5/5) D:8
 Shoals (0/4) Lair:3        Snake (1/4) Lair:2        Slime (0/5) Lair:4
    Orc (2/2) D:10            Elf (0/3) Orc:2        Vaults (0/5) D:13
Ossuary (visited)

Altars:
Cheibriados
Gozag
Hepliaklqana
Okawaru
Qazlal
Sif Muna
Vehumet
Xom

Shops:
D:5 *   Orc:1 *   Orc:2 ((**

Annotations:
D:3 1 runed translucent door, Crazy Yiuf
D:12 corrupted
Lair:2 1 runed translucent door, Haxyobbu's ghost, journeyman MiFi
Orc:2 corrupted


Innate Abilities, Weirdness & Mutations

Your natural rate of healing is accelerated.
You have razor-sharp teeth.
You have supernaturally acute eyesight. (SInv)
You are afflicted with vampirism and can become a bat while bloodless.


Message History

You block the arrow.
The guardian serpent coils itself and waves its upper body at you.
The naga warrior blinks! x2
The naga sharpshooter gestures wildly while chanting.
The naga sharpshooter magically shoots an arrow.
GONNNNG!
You block the arrow.
Press: ? - help, Shift-Dir - straight line, f/p - guardian serpent
Aim: a guardian serpent (lightly wounded, chance to affect: 62%)
Okay, then.
You feel sick.
You block the guardian serpent's attack.
GONNNNG!
You block the naga warrior's attack.
SHROANNG!
You block the guardian serpent's attack.
BOUMMMMG!
The naga warrior hits you from afar with a +0 trident!
Space bends violently around you!
You blink.
You feel sick.
Press: ? - help, Shift-Dir - straight line, f/p - guardian serpent
Aim: a guardian serpent (lightly wounded, chance to affect: 62%)
The guardian serpent is devoured by a tear in reality.
Lugonu claims a new guest.
You feel sick.
You are no longer poisoned.
The naga sharpshooter shoots an arrow.
SHROANNG!
You block the arrow. The naga warrior spits poison at you.
You block the splash of poison.
GONNNNG!
Press: ? - help, v - describe, . - travel, g - get item Item here: a book of Fire.
The floor.
Okay, then.
As you read the scroll of teleportation, it crumbles to dust.
You feel strangely unstable.
The naga sharpshooter no longer looks unusually toxic.
The naga warrior hits you from afar with a +0 trident!!!
You die...

.......'...'.......#.#.#.# # #
.......#...#.......#.#.#[#.# #
#.....##...##.....##.#.#.#.# #
#
##...###...###...###.......#.#
# ##### #...# #####
#...#.###.# #
#...###...###...#.....#
#...##.....##.......######
...#...#.......#........>....
....'..)NN.N.@..#..#....######
....#...#)......####..........
...##...##.....## #.......###
..# #...###...## .........# ##
#...# ##### #.......#.# #...#
#.......#.# #...# #.......# #
#... #........


You could see 2 naga warriors and a naga sharpshooter (strong).

Vanquished Creatures
  Gastronok (Lair:2)
  Nessos (Lair:5)
  An ettin (D:12)
  A fire dragon (D:13)
  6 hydras
  2 centaur warriors
  4 boulder beetles
  Erica (Lair:1)
  4 anacondas (Snake:1)
  6 death yaks
  10 two-headed ogres
  A shock serpent (Snake:1)
  Amaemon (Lair:1)
  2 deep trolls
  A naga ritualist (Lair:2)
  An orc knight (D:10)
  A necromancer (D:13)
  2 mana vipers (Snake:1)
  2 orc sorcerers (D:10)
  3 ugly things
  A manticore (D:13)
  2 cyclopes
  An elephant (Lair:1)
  A salamander (Snake:1)
  5 naga magi (Snake:1)
  10 black mambas
  2 vault sentinels (D:7)
  An orange demon (Lair:1)
  11 cane toads
  2 kobold demonologists
  2 efreet (D:13)
  4 rime drakes
  13 komodo dragons
  14 trolls
  2 polar bears (Lair:2)
  2 hornets (D:10)
  8 dream sheep
  3 slime creatures (D:13)
  8 blink frogs
  A snapping turtle (Lair:3)
  4 wyverns
  A spriggan (Lair:1)
  30 yaks
  4 wraiths
  2 steam dragons
  Grum (D:9)
  6 basilisks
  2 acid dragons
  2 wargs
  3 nagas (Snake:1)
  13 water moccasins
  A floating eye (D:10)
  2 hell hounds (Lair:5)
  3 sky beasts
  8 black bears
  18 orc warriors
  18 wolves
  23 ogres
  14 centaurs
  6 phantoms
  11 bullfrogs
  6 kobold brigands
  3 necrophages
  6 water moccasin zombies (Ossuary)
  A gnoll sergeant (D:10)
  4 scorpions
  11 wights
  14 killer bees
  7 howler monkeys
  6 electric eels
  3 lava snakes (Lair:4)
  4 jellies
  12 orc priests
  6 hounds
  4 gnoll boudas
  3 iguanas
  18 orc wizards
  2 mummies (Ossuary)
  Robin (D:3)
  19 gnolls
  12 adders
  A shadow imp (D:5)
  A white imp (D:8)
  An ufetubus (D:5)
  2 adder zombies (Ossuary)
  3 worms
  2 dart slugs
  67 orcs
  8 ball pythons
  5 endoplasms
  2 giant cockroaches
  3 gnoll zombies (Ossuary)
  14 goblins
  11 hobgoblins
  27 kobolds
  4 quokkas
  6 bats
  3 frilled lizards
  4 hobgoblin zombies (Ossuary)
  4 kobold zombies (Ossuary)
  4 orc zombies (Ossuary)
  5 rats
  A toadstool (D:6)
636 creatures vanquished.

Vanquished Creatures (others)
  A boulder beetle (D:12)
  3 ogre magi (Orc:2)
  2 two-headed ogres
  Urug (D:12)
  5 skeletal warriors (D:12)
  A cyclops (Orc:2)
  An unseen horror (D:12)
  3 trolls
  5 yaks (D:12)
  A vampire (D:12)
  4 vampire mosquitoes (D:12)
  An acid dragon (D:12)
  3 orc warriors
  7 ogres (Orc:2)
  A howler monkey (D:12)
  3 orc priests
  An orc wizard (Orc:2)
  5 orcs
  38 fungi
  101 plants
  17 starspawn tentacles
  2 toadstools (D:6)
206 creatures vanquished.

Grand Total: 842 creatures vanquished

Notes
Turn   | Place    | Note
-------+----------+-------------------------------------------
     0 | Abyss:1  | jt the Vampire Abyssal Knight began the quest for the Orb.
     0 | Abyss:1  | Reached XP level 1. HP: 17/17 MP: 2/2
     1 | D:1      | Escaped the Abyss
   200 | D:1      | Reached XP level 2. HP: 23/23 MP: 3/3
   243 | D:1      | Found a faded altar of an unknown god.
   389 | D:1      | Reached *** piety under Lugonu
   503 | D:1      | Gained mutation: You are afflicted with vampirism and can
                  | become a bat while bloodless. [Vampire growth]
   503 | D:1      | Reached XP level 3. HP: 28/28 MP: 4/4
  1219 | D:3      | Noticed Robin
  1282 | D:2      | Reached XP level 4. HP: 34/34 MP: 5/5
  1351 | D:3      | Killed Robin
  1352 | D:3      | Reached skill level 2 in Invocations
  1389 | D:3      | Reached **** piety under Lugonu
  1759 | D:3      | Found a runed translucent door.
  1760 | D:3      | Noticed Crazy Yiuf
  1848 | D:3      | Found an iron altar of Okawaru.
  1848 | D:3      | Found a snail-covered altar of Cheibriados.
  1992 | D:4      | Reached XP level 5. HP: 39/39 MP: 6/6
  2138 | D:4      | Found a shimmering blue altar of Sif Muna.
  2242 | D:4      | Noticed a phantom
  2268 | D:4      | Killed a phantom
  2269 | D:4      | Reached skill level 3 in Invocations
  2269 | D:4      | Reached XP level 6. HP: 46/46 MP: 8/8
  2278 | D:4      | Found a staircase to the Ecumenical Temple.
  2351 | D:4      | Reached skill level 5 in Axes
  2839 | D:4      | Reached skill level 1 in Armour
  3139 | D:5      | Entered Level 5 of the Dungeon
  3141 | D:5      | Found Geguysu's General Store.
  3229 | D:5      | Reached skill level 4 in Invocations
  3286 | D:5      | Reached XP level 7. HP: 49/52 MP: 10/10
  3575 | D:5      | Reached skill level 5 in Invocations
  3905 | D:5      | Reached XP level 8. HP: 48/60 MP: 10/12
  4127 | D:6      | Found a large runed translucent door.
  4127 | D:6      | Found a large runed translucent door.
  4304 | D:6      | Found a sand-covered staircase.
  4310 | Ossuary  | Entered an ossuary
  4375 | Ossuary  | Reached skill level 6 in Invocations
  4705 | D:6      | Reached skill level 5 in Fighting
  4705 | D:6      | Reached skill level 7 in Invocations
  4844 | D:6      | Reached ***** piety under Lugonu
  4855 | D:6      | Reached XP level 9. HP: 68/68 MP: 14/14
  5151 | D:6      | Reached skill level 8 in Invocations
  5405 | D:6      | Found a stormy altar of Qazlal.
  5411 | D:6      | Found an opulent altar of Gozag.
  5495 | D:7      | Identified the +2 pair of boots "Ymneusk" {Str+4 Stlth+}
  5619 | D:7      | Noticed a two-headed ogre
  5623 | D:7      | Banished a two-headed ogre
  5743 | D:7      | Reached skill level 9 in Invocations
  6017 | D:7      | Found a faded altar of an unknown god.
  6017 | D:7      | Found a faded altar of an unknown god.
  6019 | D:7      | Found a hazy altar of Hepliaklqana.
  6089 | D:7      | Reached XP level 10. HP: 70/77 MP: 16/16
  6267 | D:8      | Noticed a two-headed ogre
  6406 | D:8      | Banished a two-headed ogre
  6407 | D:8      | Reached skill level 1 in Evocations
  6769 | D:8      | Noticed a vault sentinel
  6770 | D:8      | Noticed a vault sentinel
  6893 | D:7      | Reached skill level 10 in Invocations
  7305 | D:7      | Killed a vault sentinel
  7332 | D:7      | Killed a vault sentinel
  7595 | D:8      | Found the +18 shield of the Gong {rElec rN+ Will+ EV-5}
  7618 | D:8      | Found a staircase to the Lair.
  8066 | Lair:1   | Entered Level 1 of the Lair of Beasts
  8075 | Lair:1   | You fall into a shaft and drop 1 floor!
  8075 | Lair:2   | Noticed a cane toad
  8077 | Lair:2   | Found a runed translucent door.
  8079 | Lair:2   | Found a shimmering altar of Xom.
  8079 | Lair:2   | Noticed Haxyobbu's ghost (journeyman MiFi)
  8079 | Lair:2   | Noticed a +1 long sword of chaos
  8084 | Lair:2   | Banished a cane toad
  8085 | Lair:2   | Reached XP level 11. HP: 84/84 MP: 13/18
  8174 | Lair:2   | Reached skill level 1 in Shields
  8224 | Lair:1   | Noticed Erica
  8235 | Lair:1   | Killed Erica
  8486 | Lair:1   | Reached skill level 11 in Invocations
  8519 | Lair:1   | Reached skill level 1 in Throwing
  8578 | Lair:1   | Noticed an eight-headed hydra
  8586 | Lair:1   | Killed an eight-headed hydra
  9557 | Lair:2   | Noticed Gastronok
  9579 | Lair:2   | Noticed Amaemon
  9599 | Lair:1   | Killed Amaemon
  9600 | Lair:1   | Reached skill level 12 in Invocations
  9600 | Lair:1   | Reached XP level 12. HP: 84/93 MP: 19/21
  9844 | Lair:2   | Killed Gastronok
  9864 | Lair:2   | Found a staircase to the Snake Pit.
  9891 | Lair:2   | Identified the ring "Roprir Wyvae" {Fire +Blink rPois
                  | Str+2}
 10570 | Lair:3   | Found a staircase to the Shoals.
 10581 | Lair:3   | Reached skill level 10 in Axes
 10615 | Lair:3   | Noticed a boulder beetle
 10621 | Lair:2   | Reached skill level 5 in Shields
 10744 | D:9      | Noticed Grum
 10794 | D:9      | Reached skill level 13 in Invocations
 10809 | D:9      | Killed Grum
 10863 | D:9      | You fall into a shaft and drop 3 floors!
 10886 | D:12     | Corrupted D:12
 10886 | D:12     | Noticed a bone dragon
 10886 | D:12     | Noticed a starcursed mass
 10887 | D:12     | Noticed a two-headed ogre
 10887 | D:12     | Noticed a boulder beetle
 10887 | D:12     | Noticed a tentacled starspawn
 10888 | D:12     | Noticed a blizzard demon
 10893 | D:12     | Killed a two-headed ogre
 10902 | D:12     | Killed a boulder beetle
 10906 | D:12     | Noticed a tentacled starspawn
 10906 | D:12     | Noticed a starcursed mass
 10942 | D:12     | Noticed Urug
 10944 | D:12     | Killed Urug
 11323 | D:12     | Noticed a centaur warrior
 11335 | D:12     | Killed a centaur warrior
 11871 | D:10     | Entered Level 10 of the Dungeon
 12161 | D:9      | Found a shimmering altar of Xom.
 12461 | D:9      | Noticed a boulder beetle
 12468 | D:9      | Killed a boulder beetle
 12869 | D:10     | Found a staircase to the Orcish Mines.
 13068 | D:10     | Paralysed by a floating eye for 3 turns
 13072 | D:10     | Reached XP level 13. HP: 98/98 MP: 23/23
 13089 | D:10     | Identified the +1 hat of Tulips {+Inv Will- Str+7}
 13204 | Orc:1    | Entered Level 1 of the Orcish Mines
 13215 | Orc:1    | Noticed an ettin
 13218 | Orc:1    | Banished an ettin
 13749 | Lair:2   | Reached skill level 14 in Invocations
 14875 | Lair:4   | Found a staircase to the Slime Pits.
 15344 | Lair:5   | Entered Level 5 of the Lair of Beasts
 16021 | Lair:5   | Identified the +5 quarterstaff "Fuptil" {protect, *Rage rC+
                  | Int+3 Stlth+}
 16066 | Lair:5   | Reached XP level 14. HP: 93/108 MP: 24/24
 16180 | Lair:5   | Noticed Nessos
 16258 | Lair:5   | Killed Nessos
 16648 | Orc:1    | Found Rastuum's CLEARANCE SALE!.
 16811 | Orc:2    | Entered Level 2 of the Orcish Mines
 16814 | Orc:2    | Found a staircase to the Elven Halls.
 16894 | Orc:1    | Reached ****** piety under Lugonu
 16915 | Orc:2    | Found a radiant altar of Vehumet.
 16971 | Orc:1    | Reached skill level 10 in Fighting
 17207 | D:10     | Reached skill level 15 in Invocations
 17507 | Orc:2    | Corrupted Orc:2
 17507 | Orc:2    | Noticed a tentacled starspawn
 17508 | Orc:2    | Noticed a tentacled starspawn
 17527 | Orc:2    | Noticed a tentacled starspawn
 17649 | Orc:2    | Found Xaf Jirr's Antique Weapon Shoppe.
 17649 | Orc:2    | Noticed a bone dragon
 17650 | Orc:2    | Found Gyom's Weapon Emporium.
 17655 | Orc:2    | Found Plog's Assorted Antiques.
 17666 | Orc:2    | Found Ruryal's Assorted Antiques.
 17890 | Orc:2    | Bought an emerald ring for 125 gold pieces
 19592 | D:13     | Identified a +2 broad axe of distortion (a +0 broad axe
                  | corrupted by Lugonu)
 19592 | D:13     | Received a gift from Lugonu
 19922 | D:13     | Reached XP level 15. HP: 115/116 MP: 26/26
 20029 | D:13     | Found a gate to the Vaults.
 20228 | Snake:1  | Entered Level 1 of the Snake Pit
 20587 | Snake:1  | Reached skill level 10 in Shields
 20875 | Snake:1  | Slain by a naga warrior

Illustrated notes

Levels and vault maps discovered:
D:1:      lemuel_arrival_behind_the_door_small, layout_rooms, serial_aquarium,
          aquarium_bridge_island_large [aquarium_subvault_large_4_pools,
          aquarium_subvault_wall, aquarium_subvault_bridge,
          aquarium_subvault_window, aquarium_subvault_window],
          aquarium_bridge_straight [aquarium_subvault_bridge,
          aquarium_subvault_window, aquarium_subvault_bridge,
          aquarium_subvault_window], aquarium_window_2, aquarium_window_fake,
          aquarium_window_corner, aquarium_view_2b, aquarium_pool_1,
          dreamdust_ecumenical_altar_angels_and_demons, grunt_decor_one_mirror
D:2:      layout_rooms
D:3:      layout_rooms, gammafunk_temple_overflow_elements,
          grunt_decor_fettered, uniq_crazy_yiuf_cottage, uniq_robin
D:4:      layout_layer_cave, old_standard_altar, minmay_temple_entry_oklob,
          minmay_distorted
D:5:      layout_basic, kennysheep_windowed_goal
D:6:      layout_loops_cross, jmf_multi_god_temple2,
          lightli_ossuary_entry_decrepit_ruins, minmay_gold_behind_fungi,
          hangedman_decor_lopped, minmay_pentangle
D:7:      layout_rooms, nicolae_hepliaklqana_ecumenical_no_more,
          nrook_mini_vaults, minivault_14
D:8:      layout_loops_corners, minmay_lair_entry_grove,
          hellmonk_guarded_unrand_gong
D:9:      layout_long_grid, mainiacjoe_overflow_alcove_4, grunt_ministairs_13,
          uniq_grum
D:10:     hellmonk_paralyzer, layout_cave_pools, orc_0_dummy, minivault_25,
          nrook_uturn
D:11:     kennysheep_seaside_town, layout_loops_ring
D:12:     layout_gridville, uniq_urug
D:13:     layout_roguey, david_vaults_4
Lair:1:   layout_concentric_octagons, grunt_forest_large_clearing_hut,
          uniq_erica
Lair:2:   layout_concentric_octagons, dummy_snake_entry, ebering_ghost_xom,
          gammafunk_lair_bear_cave, uniq_gastronok, uniq_amaemon
Lair:3:   layout_roguey, minmay_shoals_entry_hut, serial_forest,
          infiniplex_forest_end_1, infiniplex_forest_split,
          infiniplex_forest_straight_1, infiniplex_forest_lined_room_2,
          infiniplex_forest_zigzag_2, infiniplex_forest_straight_2,
          infiniplex_forest_clump_long, dreamdust_gnoll_shepherd,
          infiniplex_staircase_pool_2
Lair:4:   layout_loops_ring, slime_entry_1, st_stairs_11,
          nicolae_lair_liquid_snakes, grunt_megastairs_2
Lair:5:   cheibrodos_lair_end_hotspot, layout_big_grid,
          grunt_forest_small_clearings, uniq_nessos
Snake:1:  kennysheep_six_static_rooms, layout_basic, nrook_loot_triangle
Orc:1:    layout_caves, nicolae_shop_clearance
Orc:2:    st_orc_open, layout_caves, basic_altar, nicolae_orc_lava_room

Skill      XL: |  1  2  3  4  5  6  7  8  9 10 11 12 13 14 15 |
---------------+----------------------------------------------+-----
Axes           | 2 3 4 5 6 7 8 9 10 11 12 13 | 13.1
Invocations    | 2 3 4 5 7 9 10 12 13 14 15 | 15.6
Armour         | 1 2 |  2.0
Fighting       | 3 5 6 7 8 9 10 11 | 11.2
Evocations     | 3 |  3.8
Shields        | 3 6 8 9 10 | 10.0
Throwing       | 2 |  2.0
Dodging        | |  2.1

Action                   |  1- 3 |  4- 6 |  7- 9 | 10-12 | 13-15 || total
-------------------------+-------+-------+-------+-------+-------++-------
Melee: Hand axe          |    36 |   157 |   430 |    26 |       ||   649
       Short sword       |    43 |       |       |       |       ||    43
       Bite              |     8 |    17 |    51 |    82 |   167 ||   325
       Whip              |    58 |       |       |       |       ||    58
       Punch             |     1 |     3 |     6 |     3 |       ||    13
       Mace              |       |    55 |       |       |       ||    55
       Trident           |       |     7 |    23 |       |       ||    30
       War axe           |       |       |    34 |   608 |   999 ||  1641
       Demon whip        |       |       |       |       |    57 ||    57
       Broad axe         |       |       |       |       |    15 ||    15
 Fire: Sling             |       |     2 |       |       |       ||     2
       Shortbow          |       |       |     4 |       |       ||     4
Throw: Stone             |       |    14 |    22 |    24 |       ||    60
       Dart              |       |     4 |    10 |    23 |    20 ||    57
       Javelin           |       |     1 |     3 |     9 |       ||    13
       Boomerang         |       |       |       |    13 |    26 ||    39
Invok: Banish            |       |     1 |     5 |     7 |    14 ||    27
       Bend Space        |       |       |     7 |    14 |    33 ||    54
       Corrupt           |       |       |       |     1 |     1 ||     2
       Brand Weapon With |       |       |       |       |     1 ||     1
Evoke: Wand              |       |       |     2 |     8 |     5 ||    15
  Use: Potion            |     3 |       |     5 |     4 |     1 ||    13
       Scroll            |     3 |     4 |     8 |     8 |     7 ||    30
 Stab: Invisible         |       |       |     3 |       |       ||     3
       Paralysed         |       |       |       |     6 |     7 ||    13
       Distracted        |       |       |       |     2 |       ||     2
Armor: Chain mail        |    68 |     2 |       |       |       ||    70
       Leather armour    |     1 |       |       |       |       ||     1
       Scale mail        |       |    87 |   235 |   280 |   338 ||   940
       Skin              |       |       |    46 |       |       ||    46
Dodge: Dodged            |    43 |   106 |   264 |   209 |    97 ||   719
Block: Kite shield       |       |       |       |   431 |  1590 ||  2021
